 Dungeon Crawl Stone Soup version 0.15-a0-2232-g756d4b8 (webtiles) character file.

3491 Charly the Transmogrifier (level 10, -1/65 HPs)
             Began as a Merfolk Transmuter on July 24, 2014.
             Was a Follower of Elyvilon.
             Killed from afar by Ququman's ghost (18 damage)
             ... with a blast of negative energy
             ... on Level 1 of the Lair of Beasts on July 25, 2014.
             The game lasted 01:08:53 (4704 turns).

Charly the Transmogrifier (Merfolk Transmuter)      Turns: 4704, Time: 01:08:53

HP  -1/65        AC 12     Str 17      XL: 10   Next:  7%
MP  16/17        EV 10     Int 14      God: Elyvilon [*.....]
Gold 158         SH  0     Dex 18      Spells:  3 memorised,  4 levels left

rFire  + . .     SeeInvis .       - Unarmed
rCold  . . .     Clarity  .     I - +2 ring mail {rF+}
rNeg   . . .     rCorr    .     (no shield)
rPois  .         rRot     .     q - +1 hat
rElec  .         Spirit   .     j - +2 cloak
SustAb .         Warding  .     (no gloves)
rMut   .         Stasis   .     D - +0 pair of boots
Gourm  .                        (no amulet)
MR     .....                    H - +2 ring of dexterity
                                u - +6 ring of strength

@: heavily drained, not resistant to hostile enchantments, very unstealthy
A: change form in water, swift swim
a: Lesser Healing, Lesser Self-Healing, Divine Protection, Renounce Religion


You were on level 1 of the Lair of Beasts.
You worshipped Elyvilon.
Elyvilon was aware of your devotion.
You were hungry.

You visited 3 branches of the dungeon, and saw 11 of its levels.

You collected 317 gold pieces.
You spent 159 gold pieces at shops.

Inventory:

Hand weapons
 b - a +0 blowgun
 B - a +1 scythe of slicing
Missiles
 C - 5 tomahawks (quivered)
Armour
 j - a +2 cloak (worn)
 q - a +1 hat (worn)
 D - a +0 pair of boots (worn)
 I - a +2 ring mail of fire resistance (worn)
Magical devices
 e - a wand of polymorph (2)
 z - a wand of paralysis (0)
 A - a wand of frost (2)
 J - a wand of cold (6) {unknown}
 L - a wand of flame (8) {unknown}
 M - a wand of random effects (17) {unknown}
Comestibles
 a - 4 bread rations
 f - 2 meat rations
 i - 2 fruits
 G - a chunk of giant frog flesh
 K - a slice of pizza
 N - a beef jerky
Scrolls
 g - a scroll of magic mapping {unknown}
 h - a scroll of remove curse
 r - a scroll of holy word {unknown}
 w - 3 scrolls of amnesia
 x - 2 scrolls of recharging
 y - a scroll of identify
Jewellery
 u - a +6 ring of strength (left hand)
 H - a +2 ring of dexterity (right hand)
Potions
 c - a potion of might {unknown}
 d - a potion of lignification {unknown}
 k - a potion of agility
 l - a potion of confusion {unknown}
 m - 2 potions of brilliance
 n - a potion of magic {unknown}
 o - 2 potions of flight
 p - a potion of curing
 s - 3 potions of invisibility {unknown}
 t - a potion of porridge
 v - a potion of mutation {unknown}
 E - 2 potions of haste
Books
 F - a book of Cantrips

   Spells                             Type                      Level
   Corona                             Hexes                        1
   Animate Skeleton                   Necromancy                   1
   Summon Small Mammal                Summoning                    1
   *Apportation                       Translocation                1


   Skills:
 - Level 1.1(0.0) Fighting
 - Level 2.6(0.6) Dodging
 + Level 11.0(8.5) Unarmed Combat
 - Level 2.0(0.0) Spellcasting
 - Level 11.0(8.4) Transmutations
 - Level 4.0(1.9) Poison Magic
 * Level 4.5(2.3) Invocations


You had 4 spell levels left.
You knew the following spells:

 Your Spells              Type           Power        Failure   Level  Hunger
a - Apportation           Tloc           #.........   34%         1    ##.....
h - Blade Hands           Trmt           ###.......   34%         5    ######.
S - Spider Form           Trmt/Pois      ##........   14%         3    ####...


Dungeon Overview and Level Annotations

Branches:
Dungeon (8/15)             Temple (1/1) D:5            Lair (2/8) D:8

Altars:
Cheibriados
Elyvilon
Fedhas
Kikubaaqudgha
Qazlal
Xom
Yredelemnul

Shops:
D:4 !

Annotations:
D:3 Charly's ghost, average MfTm
D:4 Sigmund
D:8 Erolcha
Lair:1 Ququman's ghost, powerful DrTm


Message History

Evoke which item? (* to show all) (? for menu, Esc to quit)
Okay, then.
An iguana comes into view.
The iguana hisses angrily.
Ququman's ghost breathes negative energy at you.
The blast of negative energy hits you!
You feel drained.
Ququman's ghost breathes negative energy at you.
The blast of negative energy hits you!
You feel drained.
* * * LOW HITPOINT WARNING * * *
Drink which item? (? for menu, Esc to quit)
Okay, then.
Use which ability? (? or * to list)
You are healed.
You are feeling hungry.
Ququman's ghost breathes negative energy at you.
The blast of negative energy hits you!
You feel drained.
* * * LOW HITPOINT WARNING * * *
Ququman's ghost breathes negative energy at you.
The blast of negative energy hits you!
You feel drained.
You die...

###+.## #....# ##..
....## ##..### #..#
##### ##.+.## #.P ...##
#.....# #r# ## ....#
#.....## ##.###.###
...## #......#
#.r......## ...#
###.....## #.........#
...+ #.P......###
#........## ...#
..+.....+@.####........#
...#
#.....##...Wrl.......#
...#
#......##P#.#........#
...# #.....#
#####.......... ...#
......# #P........#.#
... ##P### ###.########
## ###


You could see an iguana, Ququman's ghost and a green rat.

Vanquished Creatures
  Pikel (D:8)
  Prince Ribbit (D:4)
  3 yaks
  Edmund (D:4)
  A porcupine (Lair:1)
  2 water moccasins (Lair:1)
  2 orc warriors
  2 slaves (D:8)
  A black bear (D:8)
  A crocodile (Lair:1)
  4 ogres
  Duvessa (D:7)
  3 centaurs
  2 giant frogs
  2 jellies (D:7)
  Dowan (D:7)
  2 crimson imps (D:6)
  A wight (D:7)
  A giant frog skeleton (D:5)
  5 orc wizards
  2 orc priests
  A worker ant (D:4)
  An ogre skeleton (D:3)
  7 adders
  A worm (D:4)
  3 giant mites
  A shadow imp (D:7)
  An ooze (D:5)
  19 orcs
  3 ball pythons
  4 giant cockroaches
  8 goblins
  8 hobgoblins
  6 kobolds
  2 quokkas
  5 bats
  A giant newt (D:1)
  A giant spore (D:7)
  A goblin skeleton (D:5)
  10 jackals
  10 rats
  A rat skeleton (D:4)
  2 ballistomycetes (D:7)
135 creatures vanquished.

Vanquished Creatures (collateral kills)
  A sky beast (Temple)
  An adder (D:2)
  A worm (D:4)
  An orc (D:5)
  A kobold (D:5)
  A rat (D:2)
6 creatures vanquished.

Grand Total: 141 creatures vanquished

Notes
Turn   | Place    | Note
--------------------------------------------------------------
     0 | D:1      | Charly, the Merfolk Transmuter, began the quest for the Orb.
     0 | D:1      | Reached XP level 1. HP: 15/15 MP: 3/3
   340 | D:1      | Reached XP level 2. HP: 21/21 MP: 2/4
   432 | D:2      | Learned a level 2 spell: Sticks to Snakes
   511 | D:2      | Reached skill level 4 in Unarmed Combat
   661 | D:3      | Reached XP level 3. HP: 26/26 MP: 0/6
   666 | D:3      | Learned a level 3 spell: Spider Form
   793 | D:3      | Noticed Charly's ghost (average MfTm)
  1003 | D:3      | Reached skill level 1 in Poison Magic
  1003 | D:3      | Reached XP level 4. HP: 17/32 MP: 7/7
  1188 | D:4      | Noticed Prince Ribbit
  1329 | D:4      | Reached skill level 5 in Unarmed Combat
  1361 | D:4      | Reached XP level 5. HP: 27/37 MP: 6/9
  1387 | D:4      | Noticed an ogre
  1429 | D:4      | Killed an ogre
  1516 | D:4      | Noticed a phantom
  2067 | D:4      | Reached XP level 6. HP: 43/43 MP: 8/10
  2106 | D:4      | Found Schotodo's Distillery.
  2110 | D:4      | Bought a potion of heal wounds for 33 gold pieces
  2110 | D:4      | Bought 2 potions of heal wounds for 66 gold pieces
  2110 | D:4      | Bought a potion of agility for 27 gold pieces
  2110 | D:4      | Bought a potion of heal wounds for 33 gold pieces
  2175 | D:4      | Killed Prince Ribbit
  2175 | D:4      | Reached skill level 5 in Transmutations
  2285 | D:4      | Noticed Edmund
  2298 | D:4      | Killed Edmund
  2298 | D:4      | Reached skill level 6 in Unarmed Combat
  2298 | D:4      | Reached XP level 7. HP: 48/48 MP: 3/12
  2337 | D:4      | Noticed Sigmund
  2421 | D:5      | Entered Level 5 of the Dungeon
  2474 | D:5      | Learned a level 5 spell: Blade Hands
  2567 | D:5      | Found a basalt altar of Yredelemnul.
  2591 | D:5      | Found a staircase to the Ecumenical Temple.
  2606 | Temple   | Entered the Ecumenical Temple
  2622 | Temple   | Became a worshipper of Elyvilon the Healer
  2702 | Temple   | Reached skill level 7 in Transmutations
  2987 | D:6      | Reached skill level 8 in Transmutations
  2987 | D:6      | Reached XP level 8. HP: 23/54 MP: 10/13
  3020 | D:6      | Learned a level 1 spell: Apportation
  3073 | D:7      | Noticed Duvessa
  3084 | D:7      | Noticed Dowan
  3098 | D:7      | Killed Duvessa
  3381 | D:8      | Reached skill level 9 in Transmutations
  3432 | D:8      | Found a staircase to the Lair.
  3610 | D:7      | Killed Dowan
  3739 | D:7      | Reached skill level 10 in Transmutations
  3739 | D:7      | Reached XP level 9. HP: 40/59 MP: 6/14
  3753 | D:7      | Acquired Elyvilon's first power
  3865 | D:8      | Noticed Pikel
  3906 | D:8      | Killed Pikel
  3906 | D:8      | Reached skill level 1 in Invocations
  3981 | D:8      | Noticed Erolcha
  4041 | D:8      | Reached skill level 11 in Transmutations
  4057 | D:8      | Noticed a centaur warrior
  4073 | Lair:1   | Entered Level 1 of the Lair of Beasts
  4178 | Lair:2   | Reached skill level 10 in Unarmed Combat
  4261 | Lair:1   | Noticed a black mamba
  4567 | Lair:1   | Reached XP level 10. HP: 65/65 MP: 11/17
  4656 | Lair:2   | Noticed a spiny frog
  4690 | Lair:1   | Noticed Ququman's ghost (powerful DrTm)
  4704 | Lair:1   | Killed from afar by Ququman's ghost

Action                   |  1- 3 |  4- 6 |  7- 9 | 10-12 || total
-------------------------+-------+-------+-------+-------++-------
Melee: Unarmed           |    92 |   107 |   284 |    16 ||   499
Throw: Tomahawk          |       |       |    12 |       ||    12
 Cast: Beastly Appendage |    15 |     4 |       |       ||    19
       Sticks to Snakes  |     5 |    12 |     9 |       ||    26
       Spider Form       |     3 |    13 |    22 |       ||    38
       Blade Hands       |       |       |    11 |     1 ||    12
       Apportation       |       |       |     1 |       ||     1
Invok: Lesser Healing    |       |       |    10 |       ||    10
       Lesser Self-Heali |       |       |     6 |     3 ||     9
 Abil: End Transformatio |     1 |     2 |    21 |     1 ||    25
Evoke: Wand              |       |       |    14 |       ||    14
  Use: Scroll            |     7 |     2 |     7 |       ||    16
       Potion            |       |       |     9 |       ||     9
 Stab: Paralysed         |       |       |    13 |       ||    13
       Sleeping          |       |       |     1 |       ||     1
  Eat: Bread ration      |     1 |       |       |       ||     1
       Chunk             |       |     5 |    16 |     1 ||    22
       Pizza             |       |       |     1 |       ||     1
       Beef jerky        |       |       |     1 |       ||     1
